 Dungeon Crawl Stone Soup version bcrawl-1.38.1 (webtiles) character file.

Game seed: 17472520911360055899

86205 Alturiack the Charmwright (level 3, 0/28 HPs)
             Began as a Barachi Skald on Apr 9, 2023.
             Slain by Sigmund
             ... wielding a +0 scythe
              (3 damage)
             ... on level 2 of the Dungeon.
             The game lasted 00:10:11 (1611 turns).

Alturiack the Charmwright (Barachi Skald)           Turns: 1611, Time: 00:10:12

Health: 0/28       AC:  8    Str: 13    XL:     3   Next: 22%
Magic:  6/6        EV:  6    Int: 13    God:
Gold:   193        SH:  0    Dex: 11    Spells: 6/7 levels left

rFire    . . .     GDR:     25% a - +0 long sword
rCold    . . .     SeeInvis .   (no shield)
rNeg     . . .     Gourm    .   m - +0 chain mail
rPois    .         Faith    .   (no helmet)
rElec    .         Spirit   .   (no cloak)
rCorr    .         Reflect  .   (no gloves)
MR       .....                  (no boots)
Stlth    ..........             d - amulet of magic regeneration
HPRegen  0.14/turn              h - +4 ring of slaying
MPRegen  0.18/turn              (no ring)

@: very slightly contaminated, slow
A: +LOS, swims, slowness 1, strong legs 1
a: Hop


You were on level 2 of the Dungeon.
You were hungry.

You visited 1 branch of the dungeon, and saw 2 of its levels.

You collected 193 gold pieces.

Inventory:

Hand Weapons
 a - a +0 long sword (weapon)
Armour
 j - a +0 leather armour
 m - a +0 chain mail (worn)
Jewellery
 d - an amulet of magic regeneration (around neck)
 h - a +4 ring of slaying (left hand)
Scrolls
 c - a scroll of remove curse
 f - 3 scrolls of fear
 i - a scroll of identify
 k - a scroll of blinking
Potions
 b - a potion of lignification
 g - a potion of mutation
Comestibles
 e - 3 rations {!d}


   Skills:
 - Level 2.4 Fighting
 * Level 3.0 Long Blades
 * Level 2.1 Armour
 - Level 2.1 Dodging
 * Level 2.6 Spellcasting
 * Level 3.6 Charms


You had 6 spell levels left.
You knew the following spells:

 Your Spells              Type           Power        Failure   Level  Hunger
a - Infusion              Chrm           ##......     86%         1    None

Your spell library contained the following spells:

 Spells                   Type           Power        Failure   Level  Hunger
 Song of Slaying          Chrm           ##......     94%         2    ##.....
 Swiftness                Chrm/Air       #.......     99%         2    ##.....
 Ozocubu's Armour         Chrm/Ice       #.......     100%        3    ####...
 Regeneration             Chrm/Necr      #.........   100%        3    ####...
 Spectral Weapon          Hex/Chrm       #.......     100%        3    ####...


Dungeon Overview and Level Annotations

Branches:
Dungeon (2/12)

Altars:
Gozag

Annotations:
D:2 Sigmund


Innate Abilities, Weirdness & Mutations

You can see and be seen from farther away.
You can swim through water.
You cover ground slowly.
You can hop short distances.


Message History

Casting: Infusion (safe; 86% risk of failure)
Confirm with . or Enter, or press ? or * to list all spells.
You miscast Infusion.
You are very lightly contaminated with residual magic.
Waves of light ripple over your body.
You miss something. Something hits you!
You are feeling hungry.
You miss something. Something hits you but does no damage.
You barely miss something.
A gnoll comes into view. It is wielding a +0 whip.
Something hits you but does no damage.
You closely miss something. Something hits you!
You hit something. You hit something but do no damage.
You hear some strange, mumbled words.
A puff of flame appears from out of thin air!
The puff of flame hits you!
* * * LOW HITPOINT WARNING * * *
You miss something. Something hits you.
You die...

#..........##.#
#.########.##.# #####.#...#
#.....# ......#.#.# #..####
#### #######.#.# #... ... ..#
#.#.# #.#######.######. #.#
#.#.# #. ............
#.#####.#.#########.g........
................@{.......>..K
#.....#)###########..........
#####.#.##### #..........
............# #..........
#####.#.###.## #.........%
......#.# #..# #....@.....
#######.# ##.# #..........
#.# #.## #.......... #.# #..#
###<######.


You could see a gnoll.

Vanquished Creatures
  2 leopard geckos (D:1)
  An orc (D:2)
  4 goblins (D:1)
  3 hobgoblins
  5 jackals
  3 kobolds
  A quokka (D:2)
  A bat (D:1)
  3 rats (D:1)
23 creatures vanquished.

Notes
Turn   | Place    | Note
-------+----------+-------------------------------------------
     0 | D:1      | Alturiack the Barachi Skald began the quest for the Orb.
     0 | D:1      | Reached XP level 1. HP: 17/17 MP: 3/3
   420 | D:1      | Reached XP level 2. HP: 12/23 MP: 5/5
  1318 | D:2      | Reached XP level 3. HP: 21/28 MP: 6/6
  1378 | D:2      | Found an opulent altar of Gozag.
  1590 | D:2      | Noticed Sigmund
  1611 | D:2      | Slain by Sigmund

Skill      XL: |  1  2 |
---------------+-------+-----
Long Blades    | 3 |  3.0
Armour         | 2 |  2.1
Fighting       | |  2.4
Dodging        | |  2.1
Spellcasting   | |  2.6
Charms         | |  3.6

Action                   || total
-------------------------++-------
Melee: Long sword        ||    80
 Cast: Infusion          ||     3
  Use: Scroll            ||     6
  Eat: Ration            ||     1
       Chunk             ||     1
Armor: Leather armour    ||    18
       Chain mail        ||     6
Dodge: Dodged            ||    61
